AoeStats
← HD_Daniel

African Clearing

505781882Analyzed
4v4 RM · 21d ago on Sep 11, 2026· 27m 58s· 8 players
Game mode
Random Map
Map size
Large (8 player)
Population
200
Speed
Normal
Resources
Standard
Victory
Conquest
Starting age
Dark Age
Ending age
Imperial Age
RankedLock teamsTeams togetherTeam positionsShared explorationLock speedFull tech treeHidden civsTurbo modeCheats
Victory
Defeat
🇺🇸 Byzantines · United States
1577
+9
🇺🇸 Mongols · United States
1521
+10
🇺🇸 Jurchens · United States
1437
+14
🇺🇸 Turks · United States
1338
+18
🇲🇽 Magyars · Mexico
1419
-14
🇲🇽 Sicilians · Mexico
1398
-13
🇲🇽 Saracens · Mexico
1395
-13
🇲🇽 Khmer · Mexico
1352
-11
Outback_Wizard
6:25 Loom
13:21 Feudal Age
17:17 Castle Age
16:15 Scale Barding Armor
16:21 Forging
17:03 Double-Bit Axe
21:52 Bloodlines
AttilathePun463
5:47 Loom
13:19 Feudal Age
24:00 Fletching
GatorGottaEat
3:41 Loom
12:16 Feudal Age
13:03 Double-Bit Axe
16:18 Scale Barding Armor
19:19 Forging
19:07 Horse Collar
21:30 Wheelbarrow
21:46 Bloodlines
21:57 Fletching
26:34 Castle Age
27:36 Chain Barding Armor
Dwarf king
10:34 Loom
13:23 Feudal Age
17:58 Castle Age
15:47 Double-Bit Axe
15:44 Fishing Lines
16:51 Fletching
18:05 Stone Mining
18:06 Gold Mining
20:53 Bow Saw
HD_Daniel
10:15 Loom
13:36 Feudal Age
17:27 Castle Age
15:51 Double-Bit Axe
20:34 Horse Collar
21:04 Town Watch
21:26 Fletching
27:34 Bodkin Arrow
chentever.twitch
11:15 Loom
13:01 Feudal Age
16:10 Castle Age
15:21 Double-Bit Axe
27:51 Forging
27:54 Scale Barding Armor
GEN0S
12:27 Feudal Age
13:08 Double-Bit Axe
22:11 Bloodlines
23:20 Gold Mining
24:35 Scale Barding Armor
Koatlistak
5:48 Loom
11:36 Feudal Age
12:24 Double-Bit Axe
14:21 Wheelbarrow
15:24 Fletching
20:18 Horse Collar
Connection lost

Rejoining the realm…

Still unreachable

The connection could not be restored.

Session expired

The server has moved on; the page needs a fresh start.